 Dungeon Crawl Stone Soup version 0.25-a0-1073-gf4359a17dd (webtiles) character file.

Game seed: 16391022038352775157, levelgen mode: deterministic

13988 Flugslaktarn the Cleaver (level 12, -1/64 HPs)
             Began as a Vine Stalker Fighter on May 14, 2020.
             Was an Initiate of Gozag.
             Killed from afar by a wretched star (18 damage)
             ... with a lance of force
             ... on level 1 of the Abyss.
             The game lasted 00:06:17 (8856 turns).

Flugslaktarn the Cleaver (Vine Stalker Fighter)     Turns: 8856, Time: 00:06:17

Health: -1/64      AC: 19    Str: 22      XL:     12   Next: 11%
Magic:  0/10       EV: 12    Int:  7 (8)  God:    Gozag
Gold:   2133       SH: 11    Dex: 16      Spells: 11/11 levels left

rFire    . . .     SeeInvis .   l - +5 hand axe (freeze) (curse)
rCold    . . .     Gourm    .   D - +0 kite shield
rNeg     . . .     Faith    .   A - +0 plate armour
rPois    +         Spirit   +   j - +2 helmet
rElec    .         Reflect  .   J - +2 cloak
rCorr    .         Harm     .   (no gloves)
MR       +....     Rnd*Rage +   (no boots)
Stlth    ..........             (no amulet)
HPRegen  1.00/turn              v - +4 ring of evasion
MPRegen  0.12/turn              o - ring of poison resistance

@: no status effects
A: fangs 3, [berserk 3], [deterioration 2], [low mp 2], regeneration 2,
[screaming 2], magic shield, antimagic bite, no potion heal 3, rot immunity,
[subdued magic 2]
a: Potion Petition, Call Merchant, Bribe Branch, Renounce Religion


You were on level 1 of the Abyss.
You worshipped Gozag.
Gozag was most pleased with you.
You were near starving.

You visited 1 branch of the dungeon, and saw 12 of its levels.
You visited the Abyss 1 time.
You also visited: Ossuary.

You collected 2598 gold pieces.
You spent 28 gold pieces at shops.
You paid 437 gold pieces to Gozag.

Inventory:

Hand Weapons
 a - a +1 war axe
 l - a cursed +5 hand axe of freezing (weapon)
   (You took it off a wight on level 6 of the Dungeon)
Armour
 b - a +0 scale mail
 j - a +2 helmet (worn)
   (You found it on level 4 of the Dungeon)
 A - a +0 plate armour (worn)
   (You found it on level 6 of the Dungeon)
 D - a +0 kite shield (worn)
 J - a +2 cloak (worn)
   (You found it on level 8 of the Dungeon)
Jewellery
 c - an uncursed ring of protection from cold
   (You found it on level 8 of the Dungeon)
 k - an uncursed ring of resist corrosion
   (You found it on level 1 of the Dungeon)
 o - a ring of poison resistance (right hand)
   (You found it in an ossuary)
 s - an uncursed ring of protection from cold
   (You found it on level 9 of the Dungeon)
 v - a +4 ring of evasion (left hand)
   (You found it on level 1 of the Dungeon)
 E - the ring "Semu" {rC+ MP+9 Str+3 Dex+4, unknown}
   (You found it on level 1 of the Abyss)

   [ring of magical power]

   It affects your strength (+3).
   It affects your dexterity (+4).
   It protects you from cold.
   It affects your magic capacity (+9).
Scrolls
 f - a scroll of amnesia {unknown}
 g - a scroll of fear
 m - a scroll of fog
 r - 2 scrolls of identify
 t - 5 scrolls of teleportation
 x - 7 scrolls of remove curse
 y - a scroll of enchant armour
 z - a scroll of enchant weapon
 C - a scroll of silence
Potions
 d - 4 potions of might
 h - a potion of haste
 i - a potion of mutation
 n - a potion of resistance
 p - 2 potions of ambrosia
 q - 6 potions of curing
 u - 2 potions of invisibility
 w - 3 potions of heal wounds
 B - 2 potions of cancellation {unknown}
 F - a potion of flight {unknown}
 G - 2 potions of lignification {unknown}
 H - a potion of magic
Comestibles
 e - 4 rations


   Skills:
 + Level 7.9 Fighting
 * Level 10.6 Axes
 + Level 7.2 Armour
 + Level 5.8 Dodging
 + Level 7.8 Shields


You had 11 spell levels left.
You didn't know any spells.
Your spell library was empty.

Dungeon Overview and Level Annotations

Branches:
Dungeon (12/15)            Temple (0/1) D:4         Ossuary (visited)
   Lair: D:8-11         Orc: D:9-12

Altars:
Ashenzari
Cheibriados
Dithmenos
Elyvilon
Gozag
Kikubaaqudgha
Makhleb
Qazlal
Ru
Sif Muna
Uskayaw
Xom
Yredelemnul
Zin
The Shining One

Shops:
D:6 ?

Annotations:
D:3 3 runed translucent doors, bmj180's ghost, amateur DrCj
D:10 Sonja
D:12 2 runed translucent doors


Innate Abilities, Weirdness & Mutations

You have razor-sharp teeth.
You heal very quickly.
When hurt, damage is shared between your health and your magic reserves.
Your bite disrupts and absorbs the magic of your enemies.
Potions cannot restore your health.
You are immune to rotting.
[You have an uncontrollable temper.]
[Your body often deteriorates upon taking damage.]
[Your magical capacity is very low. (-20% MP)]
[You sometimes yell uncontrollably at your foes.]
[Your spells are easier to cast, but less powerful.]


Message History

You hit the large abomination but do no damage.
The wretched star glows turbulently.
The lance of force hits you!!
You are knocked back by the lance of force.
You slam into the metal wall!
The large abomination hits you!
* * * LOW HITPOINT WARNING * * *
Your body deteriorates!
You feel dopey.
You are too injured to fight recklessly!
You are too injured to fight recklessly!
You hit the wretched star but do no damage.
You bite the wretched star.
The wretched star's magic leaks into the air.
You drain its magic.
You feel invigorated.
The wretched star is almost destroyed.
You hit the wretched star.
Your shield and plate armour prevent you from hitting the large abomination.
The wretched star glows turbulently.
The lance of force hits you!!
You die...
Your body crumbles into a pile of gold.

. #. .# #. ##..
. . ####... #.
.. . . ..
.#.#......######
. # .## .#.
..#..# . ...
#.....$##X.# #
.#..... .#@### .
..##. ...##**.#
..##...
.#.#..#.## .# .
.##.........# .
........$....##
. . ..
#.##.....#.#
#.#.#
#.ยง###.#...# .
#..#. . .
.......# .#.#. #
#. #....


You could see 2 wretched stars and a large abomination.

Vanquished Creatures
  A tentacled starspawn (Abyss:1)
  A green death (Abyss:1)
  Urug (D:11)
  A manticore (D:11)
  A gargoyle (D:11)
  A smoke demon (Abyss:1)
  2 hornets
  3 hippogriffs
  Prince Ribbit (D:6)
  Sigmund (D:5)
  A fire bat (Abyss:1)
  16 yaks
  Eustachio (D:6)
  A large abomination (Abyss:1)
  3 hungry ghosts
  A neqoxec (Abyss:1)
  A soldier ant (D:9)
  An acid dragon (D:11)
  2 small abominations (Abyss:1)
  5 orc warriors
  2 sky beasts
  4 ice beasts
  A phantom (D:6)
  3 ogres
  A centaur (D:8)
  2 crocodiles
  A big kobold (D:7)
  A bullfrog (D:8)
  A wyvern zombie (D:7)
  11 scorpions
  2 killer bees (D:10)
  14 wights
  2 howler monkeys (D:5)
  5 crimson imps
  A bullfrog zombie (D:7)
  A centaur zombie (Ossuary)
  A human zombie (Ossuary)
  A jelly (D:6)
  7 hounds
  3 orc priests
  12 orc wizards
  5 centaur skeletons
  3 iguanas
  An iron imp (D:5)
  8 worker ants
  3 mummies (Ossuary)
  A scorpion zombie (Ossuary)
  7 adders
  A howler monkey skeleton (D:5)
  A shadow imp (D:5)
  3 adder skeletons
  4 worms
  3 dart slugs
  2 leopard geckos
  37 orcs
  3 ball pythons
  11 bats
  5 giant cockroaches
  5 gnoll zombies (Ossuary)
  7 goblins
  7 hobgoblins
  7 jackals (D:4)
  11 kobolds
  3 quokkas
  7 frilled lizards
  3 goblin zombies (Ossuary)
  4 kobold zombies (Ossuary)
  A leopard gecko skeleton (D:4)
  A leopard gecko zombie (D:7)
  An orc zombie (Ossuary)
  A quokka skeleton (D:7)
  9 rats
  A rat zombie (D:8)
287 creatures vanquished.

Vanquished Creatures (others)
  8 starspawn tentacles (Abyss:1)
8 creatures vanquished.

Grand Total: 295 creatures vanquished

Notes
Turn   | Place    | Note
-------+----------+-------------------------------------------
     0 | D:1      | Flugslaktarn the Vine Stalker Fighter began the quest for
                  | the Orb.
     0 | D:1      | Reached XP level 1. HP: 11/11 MP: 2/2
   241 | D:1      | Reached skill level 2 in Axes
   348 | D:1      | Reached XP level 2. HP: 16/16 MP: 3/3
   575 | D:1      | Reached XP level 3. HP: 19/19 MP: 4/4
  1336 | D:2      | Gained mutation: Your natural rate of healing is unusually
                  | fast. [Vine Stalker growth]
  1336 | D:2      | Reached XP level 4. HP: 24/24 MP: 5/5
  1660 | D:3      | Found an opulent altar of Gozag.
  1674 | D:3      | Became a worshipper of Gozag Ym Sagoz the Greedy
  1887 | D:3      | Found a stormy altar of Qazlal.
  1889 | D:3      | Found an ancient bone altar of Kikubaaqudgha.
  1889 | D:3      | Found a shadowy altar of Dithmenos.
  1891 | D:3      | Found an ancient bone altar of Kikubaaqudgha.
  1891 | D:3      | Found a glowing silver altar of Zin.
  1891 | D:3      | Found a shimmering altar of Xom.
  1927 | D:3      | Reached skill level 3 in Axes
  2272 | D:3      | Found a runed translucent gate.
  2272 | D:3      | Found a runed translucent gate.
  2274 | D:3      | Found a runed translucent gate.
  2274 | D:3      | Noticed bmj180's ghost (amateur DrCj)
  2467 | D:4      | Reached XP level 5. HP: 24/28 MP: 4/6
  2608 | D:4      | Found a staircase to the Ecumenical Temple.
  2639 | D:4      | Found a snail-covered altar of Cheibriados.
  2800 | D:4      | Reached XP level 6. HP: 27/32 MP: 5/7
  2986 | D:4      | Found a glowing golden altar of the Shining One.
  3019 | D:5      | Entered Level 5 of the Dungeon
  3020 | D:5      | Found a hide-covered altar of Uskayaw.
  3025 | D:5      | Reached skill level 4 in Axes
  3069 | D:5      | Found a basalt altar of Yredelemnul.
  3070 | D:5      | Found a shadowy altar of Dithmenos.
  3071 | D:5      | Found a burning altar of Makhleb.
  3072 | D:5      | Found a shimmering blue altar of Sif Muna.
  3149 | D:5      | Noticed Sigmund
  3162 | D:5      | Noticed a sky beast
  3163 | D:5      | Killed Sigmund
  3163 | D:5      | Reached XP level 7. HP: 34/37 MP: 8/8
  3183 | D:5      | Reached skill level 5 in Axes
  3244 | D:5      | Found a shimmering blue altar of Sif Muna.
  3346 | D:5      | Found a white marble altar of Elyvilon.
  3347 | D:5      | Found a stormy altar of Qazlal.
  3350 | D:5      | Found an ancient bone altar of Kikubaaqudgha.
  3353 | D:5      | Found a sacrificial altar of Ru.
  3420 | D:5      | Gained mutation: You have razor-sharp teeth. [Vine Stalker
                  | growth]
  3420 | D:5      | Reached XP level 8. HP: 37/42 MP: 7/9
  3972 | D:5      | Found a snail-covered altar of Cheibriados.
  4004 | D:6      | Noticed Eustachio
  4028 | D:6      | Killed Eustachio
  4028 | D:6      | Reached skill level 1 in Dodging
  4305 | D:6      | Reached skill level 6 in Axes
  4356 | D:6      | Reached skill level 5 in Fighting
  4356 | D:6      | Reached skill level 5 in Shields
  4492 | D:6      | Found a shattered altar of Ashenzari.
  4511 | D:6      | Reached XP level 9. HP: 47/47 MP: 10/10
  4772 | D:6      | Found Useackil's Magic Scroll Emporium.
  4775 | D:6      | Bought a scroll of fog for 28 gold pieces
  4821 | D:6      | Noticed Prince Ribbit
  4903 | D:6      | Killed Prince Ribbit
  5252 | D:7      | Reached skill level 7 in Axes
  5361 | D:7      | Reached skill level 5 in Armour
  6392 | D:8      | Reached XP level 10. HP: 45/53 MP: 9/11
  6561 | D:8      | Reached skill level 8 in Axes
  6595 | D:8      | Found a sand-covered staircase.
  6632 | Ossuary  | Entered an ossuary
  7588 | D:9      | Noticed a two-headed ogre
  7903 | D:9      | You fall into a shaft and drop 3 floors!
  7925 | D:12     | Reached skill level 9 in Axes
  7951 | D:12     | Found a runed translucent gate.
  7951 | D:12     | Found a runed translucent gate.
  7988 | D:11     | Reached XP level 11. HP: 44/58 MP: 9/12
  8042 | D:11     | Noticed Urug
  8084 | D:11     | Killed Urug
  8084 | D:11     | Reached skill level 5 in Dodging
  8330 | D:11     | Noticed a manticore
  8343 | D:11     | Killed a manticore
  8379 | D:11     | Reached skill level 10 in Axes
  8470 | D:10     | Entered Level 10 of the Dungeon
  8489 | D:10     | Noticed Sonja
  8508 | D:10     | Cast into level 1 of the Abyss (Sonja)
  8611 | Abyss:1  | Found a corrupted altar of Lugonu.
  8670 | Abyss:1  | Noticed a green death
  8671 | Abyss:1  | Noticed a tentacled starspawn
  8681 | Abyss:1  | Killed a green death
  8688 | Abyss:1  | Got a fine pewter ring
  8705 | Abyss:1  | Killed a tentacled starspawn
  8705 | Abyss:1  | Gained mutation: You heal very quickly. [Vine Stalker
                  | growth]
  8705 | Abyss:1  | Reached XP level 12. HP: 4/64 MP: 4/13
  8818 | Abyss:1  | Noticed a wretched star
  8821 | Abyss:1  | Noticed a wretched star
  8830 | Abyss:1  | Noticed a wretched star
  8856 | Abyss:1  | Killed from afar by a wretched star

Illustrated notes

Levels and vault maps discovered:
D:1:      heliophobic_arrival_dark_side_of_the_moon, layout_rooms
D:2:      layout_loops_ring, st_stairs_13
D:3:      layout_basic, doesnt_xom_only_xom, ebering_ghost_rock_garden,
          minmay_crystal_water, grunt_gozag_breadcrumbs
D:4:      layout_rooms, lemuel_round_altar, old_standard_altar,
          minmay_temple_entry_junction
D:5:      layout_basic, grunt_temple_overflow_open, minitemple,
          serial_corexii_hall, chequers_hall_statues_y, corexii_hall_statues_l,
          corexii_hall_statues_s, corexii_hall_statues_i,
          chequers_hall_statues_wall_a, chequers_hall_statues_corner_a,
          basic_altar, first_ration, minivault_5, chei_slow_surprise,
          uniq_sigmund
D:6:      layout_cave_pods, nicolae_ashenzari_panopticon, serial_shops,
          kennysheep_mini_moat, uniq_eustachio, uniq_prince_ribbit1
D:7:      layout_basic
D:8:      layout_basic, enter_ossuary_3
D:9:      layout_roguey, hangedman_pestilent_swarm
D:10:     layout_rooms, erik_lair_orcish_takeover, fedhas_altar_fruit_tree,
          uniq_erica, uniq_maggie, uniq_sonja
D:11:     layout_loops_ring, uniq_nergalle, uniq_urug
D:12:     layout_stronghold, orc_0_dummy, serial_shops, shop,
          maelrawn_ghost_gauntlet_escape, hangedman_decor_riveting,
          minmay_checkerbox
Abyss:1:  base:
D:12

Skill      XL: |  1  2  3  4  5  6  7  8  9 10 11 |
---------------+----------------------------------+-----
Axes           | 2 3 4 5 6 7 9 10 | 10.6
Fighting       | 3 4 5 6 7 |  7.9
Shields        | 3 4 5 6 7 |  7.8
Armour         | 3 4 5 6 7 |  7.2
Dodging        | 2 3 4 5 |  5.8

Action                   |  1- 3 |  4- 6 |  7- 9 | 10-12 || total
-------------------------+-------+-------+-------+-------++-------
Melee: War axe           |    87 |   145 |   193 |       ||   425
       Bite              |    22 |    50 |    84 |   185 ||   341
       Hand axe          |       |       |   111 |   464 ||   575
Invok: Potion Petition   |       |       |       |     3 ||     3
  Use: Scroll            |       |    12 |     3 |     9 ||    24
       Potion            |       |       |       |     1 ||     1
 Stab: Distracted        |       |       |     1 |     4 ||     5
  Eat: Chunk             |     1 |     2 |       |       ||     3
       Ration            |       |     1 |     4 |     3 ||     8
Armor: Scale mail        |    14 |       |       |       ||    14
       Chain mail        |    37 |    82 |    60 |       ||   179
       Plate armour      |       |       |    72 |   120 ||   192
Dodge: Dodged            |    24 |    32 |    83 |   124 ||   263
Block: Kite shield       |    42 |   102 |   149 |   226 ||   519

Table legend:
 A = Non-vault XP
 B = Vault XP
 C = Vault XP percentage of total XP
 D = Non-vault monster count
 E = Vault monster count
 F = Vault count percentage of total count
                 A         B        C        D         E       F
            +---------+---------+-------+---------+---------+-------
      Total |   17058 |    2925 |  14.6 |     250 |      37 |  12.9
            +---------+---------+-------+---------+---------+-------
        D:1 |      34 |       0 |   0.0 |      20 |       0 |   0.0
        D:2 |      69 |       1 |   1.4 |      27 |       1 |   3.6
        D:3 |      29 |       0 |   0.0 |      13 |       0 |   0.0
        D:4 |     226 |       0 |   0.0 |      17 |       0 |   0.0
        D:5 |     756 |     251 |  24.9 |      24 |       2 |   7.7
        D:6 |    1208 |     432 |  26.3 |      30 |       2 |   6.2
        D:7 |    1011 |       0 |   0.0 |      23 |       0 |   0.0
        D:8 |    1234 |     277 |  18.3 |      15 |       2 |  11.8
        D:9 |    1271 |     474 |  27.2 |      25 |       3 |  10.7
       D:10 |     213 |       0 |   0.0 |       5 |       0 |   0.0
       D:11 |    4848 |     824 |  14.5 |      34 |       1 |   2.9
       D:12 |    1252 |       0 |   0.0 |       7 |       0 |   0.0
    Abyss:1 |    4907 |       0 |   0.0 |      10 |       0 |   0.0
    Ossuary |       0 |     666 | 100.0 |       0 |      26 | 100.0
            +---------+---------+-------+---------+---------+-------
